[Event "Titled Tuesday Blitz February 07 Late 2023"]
[White "Vovk, Orest"]
[Black "Cuenca Jimenez, Jose Fernando"]
[WhiteFideId "14113490"]
[BlackFideId "2255570"]
[WhiteElo "2315"]
[BlackElo "2535"]
[Result "1/2-1/2"]
[Round "10"]
[TimeControl "180+2"]
[Date "2023.02.07"]
[WhiteClock "0:00:24"]
[BlackClock "0:00:07"]

1. h4 a5 2. h5 h6 3. Nc3 e5 4. d4 exd4 5. Qxd4 Nc6 6. Qa4 Nf6 7. g4 Bb4 8. g5 hxg5 9. Bxg5 Qe7 10. Nf3 d6 11. a3 Bxc3+ 12. bxc3 Bd7 13. h6 O-O-O 14. Qf4 Rde8 15. Rh4 Nd5 16. Bxe7 Nxf4 17. Rxf4 Rxe7 18. hxg7 Rg8 19. Nd4 Rxg7 20. Nxc6 Bxc6 21. Bh3+ Kb8 22. Kd2 Rg5 23. Rf5 Rxf5 24. Bxf5 Re5 25. Bd3 Bd5 26. Rg1 Be6 27. f4 Rh5 28. Rg5 Rxg5 29. fxg5 c5 30. g6 fxg6 31. Bxg6 Kc7 32. Bd3 Kc6 33. c4 Kd7 34. Ke3 Ke7 35. Kf4 b6 36. e4 Kf6 37. Bf1 Bf7 38. c3 Bh5 39. Bd3 Bd1 40. Bf1 Ba4 41. Bd3 Ke6 42. Bf1 Bc6 43. Bh3+ Kf6 44. Bf1 Bd7 45. Be2 Be6 46. Bf1 Bf7 47. Be2 Be6 48. Bf1 Ke7 49. Be2 Kd7 50. e5 dxe5+ 51. Kxe5 Bf7 52. Bg4+ Kc7 53. Be2 Bg8 54. Bf1 Bf7 55. Be2 Bg6 56. Bf3 Bc2 57. Bd5 Bb3 58. Be6 Ba2 59. Bd5 Bb1 60. Be6 Kc6 61. Bd5+ Kc7 62. Be6 Bc2 63. Bd5 Ba4 64. Be6 Bc6 65. Bd5 Ba4 66. Be6 Bb3 67. Bd5 Ba2 68. Be6 Bb1 69. Bd5 Bc2 70. Be6 Bg6 71. Bd5 Bh5 72. Be6 Bf3 73. Bd5 Bg4 74. Be6 Bd1 75. Bd5 Bb3 76. Be6 Ba2 77. Bd5 Bb3 1/2-1/2


[Site "https://www.chess.com"]

[Event "Titled Tuesday Blitz February 07 Late 2023"]
[White "Zochowski, Kacper"]
[Black "Sadovsky, Artem"]
[WhiteFideId "1125494"]
[BlackFideId "4155840"]
[WhiteElo "2262"]
[BlackElo "2276"]
[Result "0-1"]
[Round "10"]
[TimeControl "180+2"]
[Date "2023.02.07"]
[WhiteClock "0:01:12"]
[BlackClock "0:01:04"]

1. Nf3 g6 2. c4 Bg7 3. Nc3 e5 4. d3 f5 5. e4 d6 6. d4 exd4 7. Nxd4 fxe4 8. Nxe4 Qe7 9. f3 Nf6 10. Bd3 d5 11. cxd5 Nxe4 12. fxe4 Qb4+ 13. Ke2 Qxd4 14. h3 O-O 15. Rf1 Rxf1 16. Kxf1 Nd7 17. Bc2 Qxd1+ 18. Bxd1 Be5 19. Bc2 Nf6 20. Ke2 Bd7 21. Bg5 Re8 22. Bxf6 Bxf6 23. Rb1 Be5 24. b3 Kf8 25. Bd3 Ke7 26. Rc1 Kd6 27. Rf1 Ke7 28. a4 Rf8 29. Rc1 a5 30. Rc4 b6 31. Ke1 Kd6 32. Be2 h5 33. Bf3 h4 34. Ke2 g5 35. Ke3 Rf4 36. Ke2 g4 37. hxg4 Bxg4 38. Rc6+ Kd7 39. Rh6 Rxe4+ 40. Kd3 Bxf3 41. gxf3 Rb4 42. Kc2 Bg3 0-1


[Site "https://www.chess.com"]

[Event "Titled Tuesday Blitz February 07 Late 2023"]
[White "Marczuk, Dominik"]
[Black "Prem, Pranav"]
[WhiteFideId "1111264"]
[BlackFideId "30901057"]
[WhiteElo "2253"]
[BlackElo "2061"]
[Result "0-1"]
[Round "10"]
[TimeControl "180+2"]
[Date "2023.02.07"]
[WhiteClock "0:00:02"]
[BlackClock "0:00:09"]

1. e4 c5 2. Nf3 d6 3. d4 cxd4 4. Nxd4 Nf6 5. Nc3 a6 6. f3 e5 7. Nb3 Be6 8. Be3 Be7 9. Qd2 Nbd7 10. g4 b5 11. O-O-O Nb6 12. g5 Nfd7 13. Nd5 Bxd5 14. exd5 Rc8 15. Kb1 Nc4 16. Bxc4 bxc4 17. Na5 c3 18. Nc6 Rxc6 19. bxc3 Rc4 20. h4 Qc7 21. h5 Nb6 22. g6 Na4 23. gxf7+ Kf8 24. Ka1 Nxc3 25. h6 g6 26. Rb1 Nxb1 27. Rxb1 Kxf7 28. f4 Bf6 29. c3 exf4 30. Bd4 Rxd4 31. cxd4 Rb8 32. Qxf4 Rxb1+ 33. Kxb1 Qb7+ 34. Kc2 Qxd5 35. Qg4 Qxd4 36. Qd7+ Be7 37. Kb1 Qb4+ 38. Kc2 Qc4+ 39. Kd1 Qb5 40. Qg4 Qd5+ 41. Kc1 Qf5 42. Qc4+ Qe6 43. Qxa6 Bg5+ 44. Kc2 Bxh6 45. Qb7+ Qe7 46. Qf3+ Qf6 47. Qd5+ Qe6 48. Qb7+ Kf6 49. Qxh7 Bg5 50. Qh8+ Kf5 51. Qf8+ Qf6 52. Qc8+ Kf4 53. Qc4+ Kg3 54. Qd3+ Kg4 55. Qd1+ Kf5 56. Qd3+ Ke6 57. Qc4+ d5 58. Qc6+ Ke5 59. Qc7+ Ke4 60. Qb7 Be3 61. a4 Qf2+ 62. Kb3 Qe1 63. Qe7+ Kd3 64. Qa7 Qb1+ 65. Ka3 Bxa7 66. a5 Bc5+ 67. Ka4 Qb4# 0-1


[Site "https://www.chess.com"]

[Event "Titled Tuesday Blitz February 07 Late 2023"]
[White "Schekachikhin, Maksim"]
[Black "Bozorov, Makhsum"]
[WhiteFideId "24177830"]
[BlackFideId "14201330"]
[WhiteElo "2371"]
[BlackElo "2145"]
[Result "0-1"]
[Round "10"]
[TimeControl "180+2"]
[Date "2023.02.07"]
[WhiteClock "0:00:20"]
[BlackClock "0:00:17"]

1. Nf3 Nf6 2. c4 g6 3. Nc3 Bg7 4. e4 d6 5. d4 O-O 6. Be2 Bg4 7. Be3 Nfd7 8. Rc1 Bxf3 9. Bxf3 e5 10. d5 a5 11. O-O Na6 12. b3 f5 13. a3 Bf6 14. exf5 gxf5 15. Be2 Bg7 16. Nb5 f4 17. Bd2 e4 18. f3 e3 19. Bxa5 b6 20. Bc3 Rf7 21. Nd4 Qh4 22. Ne6 Bxc3 23. Rxc3 Ne5 24. Qd4 Nc5 25. Rxe3 Qf6 26. Rxe5 dxe5 27. Qb2 Nxe6 28. dxe6 Qxe6 29. Bd3 Rd7 30. Be4 Rad8 31. Bd5 Rxd5 32. cxd5 Qxd5 33. Re1 Qd4+ 34. Qf2 Qxf2+ 35. Kxf2 Rd3 36. Rxe5 Rxb3 37. Re7 c5 38. Rb7 Rb2+ 39. Kf1 c4 40. g3 c3 41. Rc7 c2 0-1


[Site "https://www.chess.com"]

[Event "Titled Tuesday Blitz February 07 Late 2023"]
[White "Sarkar, Justin"]
[Black "TheKnightOfBosnia"]
[WhiteFideId "2010011"]
[WhiteElo "2309"]
[BlackElo "2526"]
[Result "0-1"]
[Round "10"]
[TimeControl "180+2"]
[Date "2023.02.07"]
[WhiteClock "0:00:01"]
[BlackClock "0:00:16"]

1. d4 Nf6 2. c4 e6 3. Nc3 d5 4. Bg5 Be7 5. e3 O-O 6. Nf3 Nbd7 7. Rc1 a6 8. Qc2 dxc4 9. Bxc4 b5 10. Bd3 Bb7 11. a4 b4 12. Ne4 Nxe4 13. Bxe7 Qxe7 14. Bxe4 Bxe4 15. Qxe4 c5 16. O-O Nf6 17. Qc2 cxd4 18. Nxd4 Qd7 19. Qc6 Rfc8 20. Qxd7 Nxd7 21. Nc6 Kf8 22. Nxb4 Rcb8 23. Nd3 Rb3 24. Rfd1 Nf6 25. Kf1 Rd8 26. Ke2 g6 27. Rc3 Rxc3 28. bxc3 Rc8 29. Rc1 Nd5 30. c4 Nb6 31. c5 Nxa4 32. Ra1 Nc3+ 33. Kd2 Ne4+ 34. Ke2 Rc6 35. f3 Nc3+ 36. Kd2 Nd5 37. e4 Nc7 38. Ra5 Nb5 39. Ne5 Rc7 40. Rxa6 f6 41. Nd3 Ke7 42. e5 f5 43. Nf4 Nd4 44. Rd6 Nb3+ 45. Ke3 Nxc5 46. Kd4 g5 47. Nd3 Nxd3 48. Kxd3 Rc5 49. Ra6 Rd5+ 50. Kc4 Kf7 51. Ra7+ Kg6 52. Re7 Rxe5 53. Kd4 Re2 54. g4 h6 55. Re8 Kf6 56. Rh8 Rxh2 57. gxf5 exf5 58. Ke3 f4+ 59. Ke4 Re2+ 60. Kd4 Kg7 0-1


[Site "https://www.chess.com"]

[Event "Titled Tuesday Blitz February 07 Late 2023"]
[White "Kaplan, Avi Harrison"]
[Black "CheckBits"]
[WhiteFideId "30934559"]
[WhiteElo "2146"]
[BlackElo "2403"]
[Result "1-0"]
[Round "10"]
[TimeControl "180+2"]
[Date "2023.02.07"]
[WhiteClock "0:00:06"]
[BlackClock "0:00:07"]

1. Nf3 d5 2. d4 Nf6 3. c4 e6 4. g3 Be7 5. Bg2 O-O 6. O-O dxc4 7. Qc2 a6 8. a4 Bd7 9. Qxc4 Bc6 10. Bf4 a5 11. Nc3 Na6 12. Rac1 Bxf3 13. Bxf3 c6 14. Rfd1 Qb6 15. Rd2 Nd5 16. e4 Nxf4 17. gxf4 Nb4 18. Kh1 Rad8 19. Ne2 Rd7 20. Rcd1 Rfd8 21. Qc3 Na6 22. Qe3 Qb4 23. d5 Bc5 24. dxe6 Bxe3 25. Rxd7 Rf8 26. e7 Re8 27. fxe3 1-0


[Site "https://www.chess.com"]

[Event "Titled Tuesday Blitz February 07 Late 2023"]
[White "Schuster, Karsten"]
[Black "Petrovic, Aleksa"]
[WhiteFideId "4611071"]
[BlackFideId "967629"]
[WhiteElo "2309"]
[BlackElo "2332"]
[Result "1/2-1/2"]
[Round "10"]
[TimeControl "180+2"]
[Date "2023.02.07"]
[WhiteClock "0:00:21"]
[BlackClock "0:00:08"]

1. d4 Nf6 2. c4 e6 3. Nc3 Bb4 4. Qc2 O-O 5. a3 Bxc3+ 6. Qxc3 b6 7. Bg5 Bb7 8. e3 h6 9. Bh4 d6 10. f3 Na6 11. Bd3 c5 12. Ne2 cxd4 13. exd4 d5 14. cxd5 Nxd5 15. Bxd8 Nxc3 16. Bh4 Nxe2 17. Bxe2 Nc7 18. Kf2 Rac8 19. Rac1 Nd5 20. Bg3 Rxc1 21. Rxc1 Rc8 22. Rxc8+ Bxc8 23. Bb8 a6 24. g3 Kf8 25. Bd6+ Ke8 26. Bc4 Kd7 27. Bf8 b5 28. Bd3 g6 29. Bxh6 Bb7 30. h4 Ne7 31. g4 Nd5 32. h5 gxh5 33. gxh5 Nf6 34. Be3 Nxh5 35. Bg5 Ng7 36. Be4 Bxe4 37. fxe4 f5 38. Ke3 fxe4 39. Kxe4 Nf5 40. Bf4 Ne7 41. Bg5 Nc6 42. Bf4 Ne7 43. Bg5 Nd5 44. Bd2 Nb6 45. b3 Nc8 46. Bb4 Nb6 47. Bc5 Nd5 48. Ke5 Nc3 49. Bf8 Ne2 50. a4 bxa4 51. bxa4 Nc3 52. a5 Nd5 53. Bc5 Ne3 54. Bb6 Nc4+ 55. Kf6 Kd6 56. Bd8 Kd5 57. Bb6 Nd2 58. Ke7 Nb3 59. Kd7 Nxa5 60. Bxa5 Kxd4 61. Kxe6 Kc4 62. Bd8 a5 63. Kd7 a4 64. Bf6 a3 65. Bh8 a2 66. Kc7 Kb3 67. Kc6 a1=B 1/2-1/2


[Site "https://www.chess.com"]

[Event "Titled Tuesday Blitz February 07 Late 2023"]
[White "Osmonbekov, Talaibek"]
[Black "Przybylski, Wojciech"]
[WhiteFideId "2017253"]
[BlackFideId "1117599"]
[WhiteElo "2137"]
[BlackElo "2321"]
[Result "1-0"]
[Round "10"]
[TimeControl "180+2"]
[Date "2023.02.07"]
[WhiteClock "0:00:14"]
[BlackClock "0:00:02"]

1. d4 Nf6 2. Bf4 d5 3. Nc3 Bf5 4. e3 e6 5. f3 Bd6 6. g4 Bxf4 7. exf4 Bg6 8. h4 h5 9. g5 Nfd7 10. Bd3 Bxd3 11. Qxd3 g6 12. O-O-O Nc6 13. Re1 Ne7 14. f5 gxf5 15. g6 Nxg6 16. Nxd5 Nf6 17. Nxf6+ Qxf6 18. Qb5+ c6 19. Qxb7 O-O 20. Ne2 c5 21. c3 cxd4 22. Nxd4 Rab8 23. Qa6 Rb6 24. Qxa7 Rfb8 25. Nb3 Nf4 26. Rhg1+ Kh8 27. Re3 Nd5 28. Rd3 Rc8 29. Rxd5 exd5 30. Rg5 Re6 31. Rxh5+ Kg8 32. Rg5+ Kh7 33. Nd4 Re5 34. Qd7 Rce8 35. Rxf5 R8e7 36. Qc8 Rxf5 37. Nxf5 Re5 38. Nd4 Qf4+ 39. Kc2 Qh2+ 40. Kb3 Qxh4 41. Qc7 Qf6 42. a4 Re7 43. Qh2+ Kg8 44. Qb8+ Kg7 45. a5 Rd7 46. Qg3+ Kf8 47. Qb8+ Rd8 48. Qb4+ Kg7 49. Qb5 Qe5 50. Nc6 1-0


[Site "https://www.chess.com"]

[Event "Titled Tuesday Blitz February 07 Late 2023"]
[White "Harish, Neeraj"]
[Black "Kochetov, Andrey"]
[WhiteFideId "30958130"]
[BlackFideId "24130532"]
[WhiteElo "2232"]
[BlackElo "2165"]
[Result "0-1"]
[Round "10"]
[TimeControl "180+2"]
[Date "2023.02.07"]
[WhiteClock "0:01:46"]
[BlackClock "0:02:31"]

1. e4 d5 2. exd5 Qxd5 3. Nc3 Qa5 4. d4 c6 5. Nf3 Nf6 6. Bd3 Bg4 7. h3 Bh5 8. g4 Bg6 9. Ne5 e6 10. Bxg6 hxg6 11. Bd2 Qc7 12. Qe2 Nbd7 13. O-O-O Nxe5 14. dxe5 Nd5 15. Nxd5 cxd5 16. Kb1 Rc8 17. Kc1 0-1


[Site "https://www.chess.com"]

[Event "Titled Tuesday Blitz February 07 Late 2023"]
[White "Mesa Cruz, Juan Carlos"]
[Black "Pakleza, Zbigniew"]
[WhiteFideId "6423400"]
[BlackFideId "1119290"]
[WhiteElo "2122"]
[BlackElo "2494"]
[Result "0-1"]
[Round "10"]
[TimeControl "180+2"]
[Date "2023.02.07"]
[WhiteClock "0:00:02"]
[BlackClock "0:00:04"]

1. e4 d5 2. exd5 Nf6 3. Bb5+ Bd7 4. Bc4 b5 5. Bb3 Bg4 6. f3 Bc8 7. Qe2 a6 8. a4 b4 9. a5 Nxd5 10. d3 e6 11. Nd2 Be7 12. Ne4 O-O 13. Bd2 Nd7 14. Nh3 Nc5 15. Nxc5 Bxc5 16. Nf4 Nxf4 17. Bxf4 Qf6 18. Be5 Qh4+ 19. g3 Qh6 20. Bf4 Qg6 21. Bxc7 Bb7 22. O-O-O Rac8 23. Be5 Rfd8 24. Kb1 h6 25. g4 Bd5 26. Bxd5 Rxd5 27. h4 Bf8 28. h5 Qg5 29. f4 Qd8 30. g5 hxg5 31. fxg5 Qxa5 32. d4 Qa4 33. h6 Ra5 34. Kc1 Qa1+ 35. Kd2 Qxb2 36. Rc1 b3 37. Qd3 Rxe5 38. hxg7 Bxg7 39. dxe5 Qxe5 40. Qh7+ Kf8 41. c3 Rd8+ 0-1


[Site "https://www.chess.com"]

[Event "Titled Tuesday Blitz February 07 Late 2023"]
[White "Forgacs, Attila Jr."]
[Black "Vlassov, Nikolai"]
[WhiteFideId "773654"]
[BlackFideId "4103360"]
[WhiteElo "2264"]
[BlackElo "2283"]
[Result "0-1"]
[Round "10"]
[TimeControl "180+2"]
[Date "2023.02.07"]
[WhiteClock "0:00:01"]
[BlackClock "0:00:06"]

1. e4 Nc6 2. d4 d5 3. e5 h5 4. Nf3 Bg4 5. Be2 Qd7 6. h3 Bxf3 7. Bxf3 O-O-O 8. Nc3 e6 9. O-O f6 10. exf6 Nxf6 11. Bg5 Bb4 12. a3 Bxc3 13. bxc3 Na5 14. Re1 Rde8 15. Qe2 Qc6 16. Bxf6 gxf6 17. Bxh5 Re7 18. Bg4 Rhe8 19. Qf3 Rf8 20. Re2 Kb8 21. Rae1 f5 22. Re5 Nc4 23. Rxf5 exf5 24. Rxe7 Qd6 25. Qe2 a5 26. Re8+ Ka7 27. Rxf8 Qxf8 28. Qf3 Nd6 29. h4 c6 30. Bh3 f4 31. g3 Ne4 32. Qxf4 Qxa3 33. h5 a4 34. h6 Qe7 35. Bf5 Nf6 36. Qc1 Qf7 37. Bd3 b5 38. Qa1 Ng4 39. f4 Qh5 40. Qe1 Qh2+ 41. Kf1 Kb6 42. h7 a3 43. h8=Q Qxh8 44. Qe6 Qh1+ 45. Ke2 Qg2+ 46. Kd1 a2 0-1


[Site "https://www.chess.com"]

[Event "Titled Tuesday Blitz February 07 Late 2023"]
[White "Yedidia, Daniel"]
[Black "Prieto Aranguren, Alain"]
[WhiteFideId "30905907"]
[BlackFideId "2268906"]
[WhiteElo "2041"]
[BlackElo "2258"]
[Result "1-0"]
[Round "10"]
[TimeControl "180+2"]
[Date "2023.02.07"]
[WhiteClock "0:00:04"]
[BlackClock "0:00:10"]

1. d4 g6 2. c4 Bg7 3. Nc3 d6 4. e4 Nc6 5. Nf3 Bg4 6. d5 Nd4 7. Be2 Nxe2 8. Qxe2 e5 9. h3 Bd7 10. Bg5 Bf6 11. Be3 Ne7 12. g4 h6 13. Qd2 g5 14. O-O-O Ng6 15. Ne2 a6 16. Ng3 b5 17. c5 Nf4 18. c6 Bc8 19. Bxf4 exf4 20. Nf5 Bxf5 21. exf5 Qb8 22. Rhe1+ Kf8 23. Qd3 Qb6 24. Re2 Kg7 25. Nd2 Rhe8 26. Rde1 Re5 27. Rxe5 Bxe5 28. Ne4 Re8 29. Re2 Qd4 30. Qxd4 Bxd4 31. f3 Be3+ 32. Kc2 Re5 33. Nc3 h5 34. Kd3 h4 35. a3 f6 36. Re1 a5 37. b4 axb4 38. axb4 Kf7 39. Rd1 Ke7 40. Kc2 Bb6 41. Nxb5 Re3 42. Rd3 Re2+ 43. Rd2 Re1 44. Nc3 Rh1 45. Re2+ Kf7 46. Na4 Be3 47. b5 Ra1 48. Kb3 Ke7 49. b6 cxb6 50. Rc2 Bc5 51. Ra2 Rb1+ 52. Kc2 Rf1 53. Nxc5 Rf2+ 54. Kb1 Rf1+ 55. Kb2 dxc5 56. c7 Kd7 57. Ra7 Rd1 58. Rb7 Rxd5 59. Rxb6 Rd3 60. Rxf6 Kxc7 61. Rg6 Rxf3 62. Rxg5 Rxh3 63. Rg7+ Kd6 64. f6 Rg3 65. g5 h3 66. g6 h2 67. f7 Rg2+ 68. Kb3 Ke7 69. Rg8 Rg3+ 70. Kc4 h1=Q 71. f8=Q+ Ke6 72. Qf7+ Ke5 73. Re8+ Kd6 74. Re6# 1-0


[Site "https://www.chess.com"]

[Event "Titled Tuesday Blitz February 07 Late 2023"]
[White "Miszler, Levente"]
[Black "Seletsky, Grigory"]
[WhiteFideId "763276"]
[BlackFideId "14112191"]
[WhiteElo "2271"]
[BlackElo "2259"]
[Result "1/2-1/2"]
[Round "10"]
[TimeControl "180+2"]
[Date "2023.02.07"]
[WhiteClock "0:00:05"]
[BlackClock "0:00:01"]

1. Nf3 d5 2. c4 c6 3. g3 Nf6 4. Bg2 Bf5 5. O-O e6 6. b3 h6 7. Bb2 Be7 8. d4 O-O 9. Nbd2 Nbd7 10. Re1 Ne4 11. Nxe4 Bxe4 12. Qd2 b5 13. Rac1 bxc4 14. bxc4 Bxf3 15. Bxf3 Nb6 16. cxd5 cxd5 17. e4 dxe4 18. Bxe4 Nd5 19. Bxd5 Qxd5 20. Re5 Qd6 21. Rce1 Bf6 22. R5e4 Rfd8 23. Qa5 Rd7 24. Ba3 Qd5 25. Bc5 Rc8 26. Qa4 Qc6 27. Qb3 Rb7 28. Qa3 Rd8 29. h4 h5 30. Qf3 Rd5 31. R4e3 Rbd7 32. Rb3 Rb7 33. Reb1 Rxb3 34. Rxb3 Qd7 35. Rb8+ Kh7 36. Ra8 Rf5 37. Qe4 Qa4 38. Rxa7 Qd1+ 39. Kg2 Kg6 40. Ra3 Qd2 41. Rf3 Qxa2 42. Rxf5 exf5 43. Qf4 Qd5+ 44. Kg1 Qe4 45. Qd2 f4 46. Qxf4 Qxf4 47. gxf4 Kf5 48. Kg2 Bxh4 49. Kf3 Bd8 50. Bf8 Bc7 51. Bxg7 Bxf4 52. Bf8 h4 53. Be7 h3 54. Bh4 Bd6 55. Bg3 h2 56. Kg2 Bxg3 57. fxg3 Ke4 58. Kxh2 Kxd4 59. Kh3 Ke4 60. Kg4 f5+ 61. Kg5 Kf3 62. Kxf5 Kxg3 1/2-1/2


[Site "https://www.chess.com"]

[Event "Titled Tuesday Blitz February 07 Late 2023"]
[White "Dragomirescu, Angela"]
[Black "Hoffmann, Asa"]
[WhiteFideId "1209914"]
[BlackFideId "2001470"]
[WhiteElo "2130"]
[BlackElo "2185"]
[Result "1-0"]
[Round "10"]
[TimeControl "180+2"]
[Date "2023.02.07"]
[WhiteClock "0:00:13"]
[BlackClock "0:00:01"]

1. e4 d6 2. d4 Nf6 3. Nc3 c6 4. Nf3 Bg4 5. a4 e6 6. Bd3 d5 7. Qe2 Bb4 8. e5 Nfd7 9. O-O a6 10. Nd1 Be7 11. Ne3 Bh5 12. b3 c5 13. Bb2 cxd4 14. Bxd4 Nc6 15. g4 Nxd4 16. Nxd4 Bg6 17. Bxg6 hxg6 18. f4 Nc5 19. f5 gxf5 20. gxf5 Qd7 21. b4 Ne4 22. fxe6 fxe6 23. Qg4 Rh6 24. b5 Bg5 25. Ng2 O-O-O 26. c4 Rdh8 27. cxd5 Qxd5 28. Nf3 Be7 29. Nf4 Bc5+ 30. Kg2 Qd7 31. Rac1 Kb8 32. Rfe1 Nf2 33. Qg3 Ba7 34. Rf1 Ne4 35. Qe1 Nc5 36. Rd1 Qf7 37. bxa6 bxa6 38. Qb4+ Ka8 39. Nd3 Qg6+ 40. Kh1 Qe4 41. Qxe4+ Nxe4 42. Rfe1 Nc3 43. Rc1 Nd5 44. Rc6 Rh3 45. Rf1 g5 46. Nde1 g4 47. Kg2 gxf3+ 48. Rxf3 Rxf3 49. Nxf3 Rg8+ 50. Kf1 Rf8 51. Ke2 Nf4+ 52. Ke1 Ng6 53. Rc3 Bb6 54. Ke2 Kb7 55. Rb3 Kc7 56. h4 1-0


[Site "https://www.chess.com"]

[Event "Titled Tuesday Blitz February 07 Late 2023"]
[White "Vega Gutierrez, Sabrina"]
[Black "Rizzo, Tobias"]
[WhiteFideId "2219026"]
[BlackFideId "30942691"]
[WhiteElo "2377"]
[BlackElo "1867"]
[Result "1-0"]
[Round "10"]
[TimeControl "180+2"]
[Date "2023.02.07"]
[WhiteClock "0:00:02"]
[BlackClock "0:00:02"]

1. e4 c5 2. Nf3 e6 3. d4 cxd4 4. Nxd4 Nf6 5. Nc3 Nc6 6. a3 d5 7. Bb5 Bd7 8. Bxc6 bxc6 9. e5 Ng8 10. Qg4 Ne7 11. h4 c5 12. Nf3 Nf5 13. h5 Bc6 14. O-O Be7 15. Re1 h6 16. Ne2 O-O 17. b4 Kh8 18. bxc5 Bxc5 19. Ned4 Qb6 20. c3 Bd7 21. Ra2 Be7 22. Nxf5 exf5 23. Qf4 Be6 24. Be3 Qb3 25. Rd2 Rfc8 26. Bd4 Qxa3 27. Rb1 Rab8 28. Rxb8 Rxb8 29. Kh2 a5 30. Qe3 a4 31. Qe2 Qb3 32. Qa6 a3 33. Qa7 Rb7 34. Qa8+ Rb8 35. Qa7 Rb7 36. Qa8+ Kh7 37. Ne1 f4 38. Nd3 Bf5 39. Nc5 Bxc5 40. Bxc5 a2 41. Rxa2 Qxc3 42. Bf8 Rc7 43. Ra7 Rxa7 44. Qxa7 Qxe5 45. f3 Be6 46. Qe7 Qxh5+ 47. Kg1 Qg5 48. Qd6 Qf6 49. Qc7 Qd4+ 50. Kh2 Qf2 51. Bd6 Qg3+ 52. Kg1 Bh3 53. Qc2+ g6 54. Kf1 Bxg2+ 55. Qxg2 Qh4 56. Qd2 1-0


[Site "https://www.chess.com"]

[Event "Titled Tuesday Blitz February 07 Late 2023"]
[White "Iljin, Timofey"]
[Black "Gomes, Luiz Alexandre de Souza"]
[WhiteFideId "14110180"]
[BlackFideId "2102790"]
[WhiteElo "2329"]
[BlackElo "2254"]
[Result "1-0"]
[Round "10"]
[TimeControl "180+2"]
[Date "2023.02.07"]
[WhiteClock "0:00:50"]
[BlackClock "0:00:24"]

1. d4 d5 2. c4 e6 3. Nc3 Nf6 4. cxd5 exd5 5. Bg5 c6 6. e3 Be7 7. Bd3 O-O 8. Qc2 Nbd7 9. Nge2 Re8 10. O-O Nf8 11. f3 h6 12. Bh4 N6d7 13. Bg3 Bg5 14. e4 dxe4 15. fxe4 Nb6 16. Kh1 Be6 17. Rad1 Qe7 18. e5 Rad8 19. Nf4 Bg4 20. Be2 Bxe2 21. Qxe2 Ne6 22. Nh5 Nxd4 23. Qg4 c5 24. h4 g6 25. hxg5 gxh5 26. Qxh5 Qxg5 27. Qxf7+ Kh8 28. Ne4 Qg7 29. Qh5 Nd5 30. Rf7 Qxf7 31. Qxf7 Re7 32. Qh5 Kg7 33. Nf6 Ne3 34. Bf4 Ndf5 35. Rxd8 1-0


[Site "https://www.chess.com"]

[Event "Titled Tuesday Blitz February 07 Late 2023"]
[White "Gerbelli Neto, Eduardo"]
[Black "reevecanada"]
[WhiteFideId "2103281"]
[WhiteElo "2114"]
[BlackElo "2474"]
[Result "0-1"]
[Round "10"]
[TimeControl "180+2"]
[Date "2023.02.07"]
[WhiteClock "0:00:09"]
[BlackClock "0:01:51"]

1. e4 c5 2. Nc3 e5 3. f4 exf4 4. Nf3 g5 5. d4 g4 6. Ne5 Qh4+ 7. Ke2 d6 8. Bxf4 dxe5 9. Bxe5 f6 10. Bg3 Qg5 11. Nd5 cxd4 12. Bf4 Qh5 13. Nc7+ Kf7 14. Qxd4 Bc5 15. Qc4+ Kg7 16. Ne6+ Bxe6 17. Qxe6 Nc6 18. Ke1 Nge7 19. Rd1 Nd4 20. Rxd4 Bxd4 21. Qxe7+ Qf7 22. Bh6+ Kg6 23. Qxf7+ Kxf7 24. c3 Be5 25. Bc4+ Kg6 26. Bd2 Rad8 27. Bd5 b5 28. Ke2 b4 29. h3 Rhe8 30. hxg4 bxc3 31. bxc3 Bxc3 32. Bxc3 Rxd5 33. Ke3 Rg5 34. Kf3 Rc8 35. Bd2 Rb5 36. Rh6+ Kg7 37. Rh1 Rb2 38. Be3 Rc3 39. Rd1 Rxa2 40. Rd7+ Kg6 41. g3 Raa3 0-1


[Site "https://www.chess.com"]

[Event "Titled Tuesday Blitz February 07 Late 2023"]
[White "Estrada Nieto, Julian"]
[Black "Rian, Kapriaga"]
[WhiteFideId "5101018"]
[BlackFideId "7103263"]
[WhiteElo "2215"]
[BlackElo "2089"]
[Result "1-0"]
[Round "10"]
[TimeControl "180+2"]
[Date "2023.02.07"]
[WhiteClock "0:00:11"]
[BlackClock "0:00:01"]

1. e4 c6 2. d4 d5 3. Nc3 dxe4 4. Nxe4 Bf5 5. Ng3 Bg6 6. h4 h6 7. Nf3 Nd7 8. h5 Bh7 9. Bd3 Bxd3 10. Qxd3 e6 11. Bd2 Ngf6 12. O-O-O Be7 13. Qe2 O-O 14. Nf1 a5 15. g4 Nd5 16. Rg1 Bg5 17. Nxg5 hxg5 18. c4 Nf4 19. Bxf4 gxf4 20. g5 b5 21. g6 Qf6 22. Nh2 f3 23. Qxf3 Qxf3 24. Nxf3 fxg6 25. Ng5 Rf6 26. Rde1 Re8 27. Ne4 Rf4 28. Rxg6 Nf6 29. Nxf6+ Rxf6 30. Rxf6 gxf6 31. cxb5 cxb5 32. Kd2 Kf7 33. Rc1 Rd8 34. Rc7+ Kg8 35. Ke3 a4 36. a3 Rb8 37. Ra7 b4 38. Rxa4 bxa3 39. bxa3 Rb5 40. h6 Kh7 41. Ra6 Kxh6 42. Rxe6 Kg5 43. Ra6 Kf5 44. Kd3 Rb3+ 45. Kc4 Rb2 46. f3 Rf2 47. a4 Rxf3 48. a5 Ra3 49. Kb4 Ra1 50. Rd6 Ke4 51. Rxf6 Kxd4 52. Rf4+ Kd5 53. Kb5 1-0


[Site "https://www.chess.com"]

[Event "Titled Tuesday Blitz February 07 Late 2023"]
[White "Fiorito, Francisco"]
[Black "Fathy, Elameir"]
[WhiteFideId "180165"]
[BlackFideId "10600396"]
[WhiteElo "2305"]
[BlackElo "2300"]
[Result "1-0"]
[Round "10"]
[TimeControl "180+2"]
[Date "2023.02.07"]
[WhiteClock "0:01:11"]
[BlackClock "0:00:03"]

1. d4 d5 2. Nc3 Nf6 3. Bf4 e6 4. Nb5 Na6 5. e3 c6 6. Na3 Qa5+ 7. Qd2 Bb4 8. c3 Bxa3 9. bxa3 Ne4 10. Qc2 Qxa3 11. Rc1 O-O 12. Bd3 f5 13. Nf3 c5 14. Ne5 b6 15. O-O Bb7 16. f3 Nf6 17. g4 fxg4 18. Nxg4 cxd4 19. Nxf6+ Rxf6 20. Bxh7+ Kh8 21. cxd4 Rc8 22. Qb1 Rxc1 23. Rxc1 Rxf4 24. exf4 Qxf3 25. Rf1 Qe3+ 26. Rf2 Nc7 27. Bg6 Ba6 28. Qb4 Qc1+ 29. Kg2 Kg8 30. Qe7 Qc6 31. Qd8+ 1-0


[Site "https://www.chess.com"]

[Event "Titled Tuesday Blitz February 07 Late 2023"]
[White "Kovalevsky, Stanislav"]
[Black "Mazurkiewicz, Michal"]
[WhiteFideId "13508598"]
[BlackFideId "1124943"]
[WhiteElo "2237"]
[BlackElo "2145"]
[Result "1/2-1/2"]
[Round "10"]
[TimeControl "180+2"]
[Date "2023.02.07"]
[WhiteClock "0:00:13"]
[BlackClock "0:00:04"]

1. c4 Nf6 2. Nc3 g6 3. g3 Bg7 4. Bg2 O-O 5. e4 d6 6. Nge2 c5 7. O-O Nc6 8. a3 Rb8 9. Rb1 b6 10. b4 Bb7 11. d4 cxd4 12. Nb5 a6 13. Nbxd4 Nxd4 14. Nxd4 Nxe4 15. Bb2 Qc7 16. Re1 Nf6 17. Bxb7 Rxb7 18. Qf3 Qd7 19. Nc6 Re8 20. b5 axb5 21. cxb5 Qf5 22. Qxf5 gxf5 23. Rbd1 Ne4 24. Bxg7 Kxg7 25. f3 Nc3 26. Rxd6 Nxb5 27. Rd5 Nxa3 28. Rxf5 e6 29. Rg5+ Kf6 30. Rh5 b5 31. Rxh7 b4 32. f4 b3 33. g4 b2 34. Ne5 b1=Q 35. Rxb1 Rxb1+ 36. Kf2 Rf8 37. Kf3 Rb3+ 38. Ke4 Rb4+ 39. Kf3 Ke7 40. Ng6+ Ke8 41. Nxf8 Kxf8 42. h4 Kg8 43. Rh5 Nc4 44. Rc5 Nd6 45. h5 Rb3+ 46. Kg2 Ne4 47. Rc4 Nf6 48. f5 e5 49. h6 Kh7 50. g5 Nh5 51. Rc7 Nf4+ 52. Kf2 Kg8 53. Rc8+ Kh7 54. Rc7 Kg8 55. Re7 Rb2+ 56. Kf3 Rb3+ 57. Ke4 Rb4+ 58. Kxe5 Nd3+ 59. Kd5 Rb5+ 60. Ke4 Nf2+ 61. Kf4 Nd3+ 62. Kg4 Nf2+ 63. Kf4 Nh3+ 64. Kg4 Nf2+ 65. Kf4 1/2-1/2


[Site "https://www.chess.com"]

[Event "Titled Tuesday Blitz February 07 Late 2023"]
[White "Matko, Ognjen"]
[Black "Tobares, Leandro"]
[WhiteFideId "14509717"]
[BlackFideId "106402"]
[WhiteElo "2295"]
[BlackElo "2189"]
[Result "1-0"]
[Round "10"]
[TimeControl "180+2"]
[Date "2023.02.07"]
[WhiteClock "0:01:24"]
[BlackClock "0:01:58"]

1. e4 c5 2. Nf3 d6 3. d4 cxd4 4. Qxd4 Bd7 5. Bg5 Nc6 6. Qe3 Nf6 7. Nc3 e6 8. O-O-O Be7 9. h4 h6 10. Bf4 Qb8 11. Nb5 Ne5 12. Qc3 Nxf3 13. Nc7+ Kd8 14. Nxa8 Ne5 15. Bxe5 dxe5 16. Bb5 Qxa8 17. Rxd7+ Nxd7 18. Rd1 Ke8 19. Rxd7 Kf8 20. Rc7 1-0


[Site "https://www.chess.com"]